 Dungeon Crawl Stone Soup version 0.22-a0-469-gf26638a (webtiles) character file.

28 4thArraOfDagon the Skirmisher (level 3, -8/33 HPs)
             Began as a Hill Orc Fighter on June 12, 2018.
             Mangled by an ogre
             ... wielding a +0 giant club
              (23 damage)
             ... on level 4 of the Dungeon.
             The game lasted 00:01:15 (217 turns).

4thArraOfDagon the Skirmisher (Hill Orc Fighter)     Turns: 217, Time: 00:01:16

Health: -8/33      AC:  6    Str: 18    XL:     3   Next: 12%
Magic:  3/3        EV:  9    Int: 14    God:
Gold:   0          SH:  0    Dex: 10    Spells: 2/2 levels left

rFire    + . .     SeeInvis .   a - +0 war axe
rCold    + . .     Gourm    .   (no shield)
rNeg     . . .     Faith    .   b - +0 scale mail
rPois    +         Spirit   .   (no helmet)
rElec    +         Reflect  .   (no cloak)
rCorr    +         Harm     .   (no gloves)
MR       .....                  (no boots)
Stlth    ..........             (no amulet)
HPRegen  0.11/turn              (no ring)
MPRegen  0.08/turn              (no ring)

@: brilliant, resistant
A: no striking features
a: no special abilities


You were on level 4 of the Dungeon.
You were not hungry.

You visited 1 branch of the dungeon, and saw 4 of its levels.

Inventory:

Hand Weapons
 a - a +0 war axe (weapon)
Armour
 b - a +0 scale mail (worn)
Scrolls
 e - a scroll of identify {unknown}
 i - a scroll of enchant weapon {unknown}
Potions
 c - a potion of cancellation
Comestibles
 f - a ration


   Skills:
 + Level 4.0 Fighting
 * Level 3.8 Axes
 + Level 3.6 Armour
   Level 3.2 Shields


You had 2 spell levels left.
You didn't know any spells.
Your spell library was empty.

Dungeon Overview and Level Annotations

Branches:
Dungeon (4/15)
 Temple: D:4-7

Altars:
Nemelex Xobeh
Qazlal


Message History

The giant cockroach bites you but does no damage.
It was a potion of cancellation.
Your magical effects are unravelling.
You feel magically purged.
You feel a little less mighty now. The giant cockroach barely misses you.
It was a potion of resistance.
You feel protected.
The giant cockroach bites you but does no damage.
The ogre hits you with a giant club!
It was a potion of brilliance.
You feel clever all of a sudden.
The giant cockroach bites you but does no damage.
You hit the ogre.
The ogre is lightly wounded.
You hit the giant cockroach but do no damage.
The giant cockroach bites you but does no damage.
The ogre hits you with a giant club!!
Ouch! That really hurt!
You die...

### #..
#.### ##
#.#.. ...
#.#.# ....
#.#.#
.....#@#.##
......sO...#
.......#...#
.......#...#
.......#...#
.......#...#
.......#...#
....!..#...#
#...#


You could see an ogre and a giant cockroach.

Vanquished Creatures
  An adder (D:2)
  2 leopard geckos
  3 bats
  2 giant cockroaches
  3 goblins
  2 hobgoblins
  A frilled lizard (D:3)
  A rat (D:3)
15 creatures vanquished.

Notes
Turn   | Place    | Note
-------+----------+-------------------------------------------
     0 | D:1      | 4thArraOfDagon the Hill Orc Fighter began the quest for the Orb.
     0 | D:1      | Reached XP level 1. HP: 19/19 MP: 1/1
    19 | D:1      | You fall through a shaft!
    20 | D:2      | :O
    22 | D:2      | Reached XP level 2. HP: 27/27 MP: 2/2
    86 | D:3      | Found a stormy altar of Qazlal.
    88 | D:3      | Noticed a fire elemental
    89 | D:3      | Noticed an air elemental
   101 | D:3      | Noticed an earth elemental
   127 | D:3      | Reached skill level 4 in Fighting
   144 | D:3      | Reached XP level 3. HP: 33/33 MP: 3/3
   169 | D:4      | Found a sparkling altar of Nemelex Xobeh.
   170 | D:4      | Found a stormy altar of Qazlal.
   210 | D:4      | Noticed an ogre
   217 | D:4      | Mangled by an ogre

Vault maps used:
D:1:      dpeg_arrival_rooms_b
D:2:      minmay_misc_feat_enclosed, minmay_goblin_outpost
D:3:      nicolae_qazlal_style_of_elements
D:4:      yredelemnul_forgotten_temple_becter, gammafunk_temple_overflow_pools,
          minmay_box_of_dots, uniq_edmund, uniq_robin

Skill      XL: |  1  2 |
---------------+-------+-----
Axes           | 3 |  3.8
Fighting       | 4 |  4.0
Armour         | |  3.6
Shields        | |  3.2

Action                   || total
-------------------------++-------
Melee: War axe           ||    32
  Use: Potion            ||     4
Armor: Scale mail        ||    38
Dodge: Dodged            ||    35

Table legend:
 A = Spawn XP
 B = Non-spawn XP
 C = Spawn XP percentage of total XP
 D = Spawn monster count
 E = Non-spawn monster count
 F = Spawn count percentage of total count
 G = Total turns spent on level
                    A         B        C        D         E        F      G
               +---------+---------+-------+---------+---------+-------+---------
         Total |       0 |      40 |   0.0 |       0 |      15 |   0.0 |   217
               +---------+---------+-------+---------+---------+-------+---------
           D:2 |       0 |      22 |   0.0 |       0 |       5 |   0.0 |    62
           D:3 |       0 |      13 |   0.0 |       0 |       8 |   0.0 |    86
           D:4 |       0 |       5 |   0.0 |       0 |       2 |   0.0 |    50
               +---------+---------+-------+---------+---------+-------+---------
